[Event "Titled Tuesday Blitz February 07 Late 2023"]
[White "Marcolino, Daniel Mattos"]
[Black "Winkels, Marcel"]
[WhiteFideId "2106841"]
[BlackFideId "1003887"]
[WhiteElo "2006"]
[BlackElo "1960"]
[Result "1-0"]
[Round "09"]
[TimeControl "180+2"]
[Date "2023.02.07"]
[WhiteClock "0:00:12"]
[BlackClock "0:00:10"]

1. d4 Nf6 2. Nf3 g6 3. g3 Bg7 4. Bg2 d5 5. O-O O-O 6. c4 c6 7. b3 Ne4 8. Bb2 Bf5 9. e3 a5 10. Nc3 Nxc3 11. Bxc3 Be4 12. Bh3 e6 13. Nd2 Bd3 14. Re1 a4 15. cxd5 cxd5 16. bxa4 Nc6 17. Qb3 Qd7 18. Bb2 Ba6 19. Ba3 Rfc8 20. Bc5 Na5 21. Qb4 Nc4 22. Nxc4 Bxc4 23. Rab1 Rxa4 24. Qxb7 Qxb7 25. Rxb7 Rxa2 26. Reb1 h6 27. g4 Bf8 28. Bxf8 Kxf8 29. Bg2 Re8 30. Bf3 Re7 31. Rb8+ Kg7 32. Kg2 Kf6 33. h4 Rea7 34. R8b7 Rxb7 35. Rxb7 Rd2 36. g5+ hxg5 37. hxg5+ Kxg5 38. Rxf7 Rb2 39. Kg3 Rb6 40. Re7 Kf6 41. Ra7 Rb8 42. Ra1 Rh8 43. Ra7 Bd3 44. Rb7 Bf5 45. Rb6 Rh3+ 46. Kg2 Rh5 47. Bxh5 gxh5 48. Kg3 Kg5 49. Rb8 h4+ 50. Kh2 h3 51. Rg8+ Kf6 52. Rh8 Kg7 53. Rxh3 Bxh3 54. Kxh3 Kf6 55. Kg3 Kg5 56. Kf3 Kf5 57. Ke2 Ke4 58. f3+ Kf5 59. Kd3 Kf6 60. Kc3 Kf5 61. Kb4 e5 62. Kc5 exd4 63. Kxd4 Ke6 64. f4 Kd6 65. f5 Ke7 66. Kxd5 Kf6 67. e4 Ke7 68. e5 Kf7 69. e6+ Ke7 70. Ke5 Kf8 71. f6 Ke8 72. Kd6 Kd8 73. e7+ Ke8 74. f7+ Kxf7 75. Kd7 Kf6 76. e8=Q Kf5 77. Qe6+ Kf4 78. Kd6 Kg3 79. Qf5 Kg2 80. Qf4 Kh3 81. Qg5 Kh2 82. Ke5 Kh1 83. Kf4 Kh2 84. Kf3 Kh1 85. Qg2# 1-0


[Site "https://www.chess.com"]

[Event "Titled Tuesday Blitz February 07 Late 2023"]
[White "Mohammadian, Mohammad"]
[Black "rikchessmx"]
[WhiteFideId "12566055"]
[WhiteElo "1398"]
[BlackElo "2230"]
[Result "0-1"]
[Round "09"]
[TimeControl "180+2"]
[Date "2023.02.07"]
[WhiteClock "0:00:19"]
[BlackClock "0:02:06"]

1. e4 e5 2. Nf3 Nc6 3. Bb5 a6 4. Ba4 Nf6 5. O-O Be7 6. Re1 b5 7. Bb3 O-O 8. c3 d5 9. exd5 Nxd5 10. Nxe5 Nxe5 11. Rxe5 c6 12. Re1 Bd6 13. d4 Qh4 14. g3 Qh3 15. Be3 Bg4 16. Qd3 Rae8 17. Qf1 Qh5 18. Nd2 f5 19. a3 f4 20. Bxd5+ cxd5 21. Bxf4 Bxf4 22. gxf4 Bh3 23. Qd3 Rxe1+ 24. Rxe1 Rxf4 25. Qg3 Rg4 26. Re5 Rxg3+ 27. hxg3 Qd1+ 28. Kh2 Bg4 29. f3 Qxd2+ 30. Kg1 Bxf3 0-1


[Site "https://www.chess.com"]

[Event "Titled Tuesday Blitz February 07 Late 2023"]
[White "Zampronha, Wladimir Camilo"]
[Black "Bongo Akanga Ndjila, Barthelemy"]
[WhiteFideId "2103087"]
[BlackFideId "10609431"]
[WhiteElo "2176"]
[BlackElo "1824"]
[Result "1-0"]
[Round "09"]
[TimeControl "180+2"]
[Date "2023.02.07"]
[WhiteClock "0:00:20"]
[BlackClock "0:00:03"]

1. e4 e6 2. d4 d5 3. Nc3 Bb4 4. e5 c5 5. a3 Bxc3+ 6. bxc3 Nc6 7. Qg4 g6 8. Nf3 Qa5 9. Bd2 c4 10. h4 h5 11. Qf4 Nh6 12. Qf6 Rh7 13. Ng5 Ng4 14. Qf4 Rg7 15. Be2 Nh6 16. Nxe6 Bxe6 17. Qxh6 Rg8 18. Qg5 Ne7 19. O-O Nf5 20. Rab1 Rb8 21. Ra1 Kd7 22. Qf4 b5 23. Rfb1 a6 24. Be1 Qc7 25. Qg5 Qd8 26. Qxd8+ Rbxd8 27. g3 Rb8 28. Bd2 Kc6 29. Bg5 Rgc8 30. Kf1 Kc7 31. Bf3 Kc6 32. Ke1 Kd7 33. Kd2 Kc6 34. Be2 Bd7 35. Rh1 Be6 36. Bf4 Rh8 37. f3 Rbc8 38. Rag1 1-0


[Site "https://www.chess.com"]

[Event "Titled Tuesday Blitz February 07 Late 2023"]
[White "Michalski, Olaf"]
[Black "Desideri, Ricardo Maruchi"]
[WhiteFideId "1106740"]
[BlackFideId "2110440"]
[WhiteElo "2273"]
[BlackElo "1959"]
[Result "0-1"]
[Round "09"]
[TimeControl "180+2"]
[Date "2023.02.07"]
[WhiteClock "0:00:02"]
[BlackClock "0:00:09"]

1. d4 Nf6 2. c4 c5 3. d5 e6 4. Nc3 exd5 5. cxd5 d6 6. Nf3 g6 7. Nd2 b6 8. Nc4 Ba6 9. Ne3 Bg7 10. g3 O-O 11. Bg2 Re8 12. a4 Nbd7 13. O-O Ne5 14. Nb5 Qd7 15. Qb3 Rac8 16. Nc4 Nxc4 17. Qxc4 Ng4 18. Bh3 f5 19. Bxg4 fxg4 20. e4 Rf8 21. Ra2 Rce8 22. Bf4 h6 23. b3 g5 24. Be3 Qe7 25. Rd1 Bxb5 26. axb5 Qxe4 27. Rxa7 Qxc4 28. bxc4 Re4 29. Rc1 Bd4 30. Bxd4 cxd4 31. Rd7 Re2 32. Rf1 d3 33. Rxd6 d2 34. Re6 Rexf2 35. Rd1 Rf1+ 36. Rxf1 Rxf1+ 37. Kxf1 d1=Q+ 38. Kf2 Qd4+ 39. Kg2 Qxc4 0-1


[Site "https://www.chess.com"]

[Event "Titled Tuesday Blitz February 07 Late 2023"]
[White "Bodek, Michael"]
[Black "Capp, Stephen"]
[WhiteFideId "2043858"]
[BlackFideId "2027089"]
[WhiteElo "2434"]
[BlackElo "1920"]
[Result "1-0"]
[Round "09"]
[TimeControl "180+2"]
[Date "2023.02.07"]
[WhiteClock "0:01:18"]
[BlackClock "0:00:43"]

1. c4 e5 2. d3 Nc6 3. g3 f5 4. Bg2 Nf6 5. Nc3 Bb4 6. Bd2 d6 7. a3 Bxc3 8. Bxc3 O-O 9. Nf3 Qe8 10. b4 Bd7 11. b5 Ne7 12. a4 Rb8 13. Nd2 Qg6 14. Ba5 b6 15. Bc3 f4 16. Nf3 Nf5 17. a5 Kh8 18. Qd2 c5 19. bxc6 Bxc6 20. axb6 axb6 21. O-O e4 22. dxe4 Nxe4 23. Qb2 fxg3 24. hxg3 Nexg3 25. fxg3 Ne3 26. Ra7 Rg8 27. Nh4 Qxg3 28. Rff7 Bxg2 29. Rxg7 Rxg7 30. Rxg7 Nd1 31. Rxg3+ Nxc3 32. Qxc3# 1-0


[Site "https://www.chess.com"]

[Event "Titled Tuesday Blitz February 07 Late 2023"]
[White "Hakobyan, Aram"]
[Black "Naroditsky, Daniel"]
[WhiteFideId "13306677"]
[BlackFideId "2026961"]
[WhiteElo "2608"]
[BlackElo "2618"]
[Result "1-0"]
[Round "10"]
[TimeControl "180+2"]
[Date "2023.02.07"]
[WhiteClock "0:00:19"]
[BlackClock "0:00:03"]

1. e4 d6 2. d4 Nc6 3. d5 Nb8 4. Nc3 Nf6 5. f4 c6 6. Nf3 g6 7. dxc6 Nxc6 8. e5 dxe5 9. Qxd8+ Nxd8 10. fxe5 Nd7 11. Nd5 Ne6 12. Ng5 Ndc5 13. Be3 h6 14. Nxe6 Nxe6 15. O-O-O Bd7 16. Bd2 Bc6 17. Nb4 Bd7 18. Bc3 Bg7 19. Be2 Rc8 20. Bf3 Nc5 21. Rhe1 Be6 22. Kb1 O-O 23. Bd4 Rc7 24. Bf2 Rfc8 25. Bxc5 Rxc5 26. Bxb7 Re8 27. Bd5 Bf5 28. Bb3 Rxe5 29. Nc6 Rxe1 30. Rxe1 e5 31. Nxa7 e4 32. Nb5 e3 33. Nd6 Re7 34. Nxf5 gxf5 35. c3 f4 36. Kc2 Bf6 37. Bd5 Kg7 38. a4 Bh4 39. Re2 Kf6 40. a5 Ke5 41. Bf3 Kd6 42. a6 Kc5 43. b4+ Kb6 44. Bb7 Bf2 45. c4 Ka7 46. c5 Re5 47. Kb3 Rf5 48. Kc4 Bh4 49. b5 Be7 50. b6+ Kb8 51. Bd5 1-0


[Site "https://www.chess.com"]

[Event "Titled Tuesday Blitz February 07 Late 2023"]
[White "Salem, A.R. Saleh"]
[Black "So, Wesley"]
[WhiteFideId "9301348"]
[BlackFideId "5202213"]
[WhiteElo "2677"]
[BlackElo "2760"]
[Result "0-1"]
[Round "10"]
[TimeControl "180+2"]
[Date "2023.02.07"]
[WhiteClock "0:00:01"]
[BlackClock "0:00:24"]

1. d4 Nf6 2. c4 e6 3. Nc3 Bb4 4. a3 Bxc3+ 5. bxc3 b6 6. f3 Nc6 7. e4 Ba6 8. Bg5 h6 9. Bh4 Qc8 10. Bd3 Na5 11. Qe2 Qb7 12. Rb1 Nh5 13. Nh3 Qc6 14. Rb4 g5 15. Bf2 O-O-O 16. O-O d5 17. cxd5 Bxd3 18. Qxd3 exd5 19. exd5 Qxd5 20. c4 Qd7 21. c5 Kb7 22. Rc1 Rhe8 23. Rb5 Nc6 24. cxb6 axb6 25. d5 Na7 26. Rbb1 Nf6 27. Rxc7+ Qxc7 28. Bxb6 Re1+ 29. Kf2 Rxb1 30. Bxc7 Rb2+ 31. Kg3 Nh5+ 32. Kg4 Nf6+ 33. Kg3 Rxd5 34. Qc3 Rdd2 35. Nf2 Nd5 36. Qg7 Nxc7 37. Ng4 Rxg2+ 38. Kh3 h5 39. Ne3 Rxh2+ 40. Kg3 f5 0-1


[Site "https://www.chess.com"]

[Event "Titled Tuesday Blitz February 07 Late 2023"]
[White "Andreikin, Dmitry"]
[Black "Swiercz, Dariusz"]
[WhiteFideId "4158814"]
[BlackFideId "1126881"]
[WhiteElo "2729"]
[BlackElo "2637"]
[Result "1/2-1/2"]
[Round "10"]
[TimeControl "180+2"]
[Date "2023.02.07"]
[WhiteClock "0:00:04"]
[BlackClock "0:00:07"]

1. c4 g6 2. Nc3 Bg7 3. d4 Nf6 4. e4 d6 5. h3 e5 6. d5 a5 7. g4 Na6 8. Nf3 Nc5 9. Qc2 Bd7 10. Be3 b6 11. Nd2 h5 12. g5 Nh7 13. Rg1 f6 14. gxf6 Qxf6 15. O-O-O O-O 16. Kb1 Kh8 17. Rg3 h4 18. Rg1 Rf7 19. Be2 Bxh3 20. Nf3 Raf8 21. Rh1 Bg2 22. Nxh4 Bxh1 23. Rxh1 Kg8 24. Bg4 Ng5 25. f3 Bh6 26. Qg2 Kg7 27. a3 Nd3 28. Be6 Nf4 29. Bxf4 Qxf4 30. Bxf7 Rxf7 31. Ka2 Rf6 32. Nb5 Rf7 33. Na7 a4 34. Nc6 Qe3 35. Nd8 Rf6 36. Ne6+ Kf7 37. Qg4 Nxe6 38. dxe6+ Rxe6 39. Qh3 Ke7 40. Ng2 Qb3+ 41. Ka1 Bg7 42. Qh7 Kf7 43. Nh4 Rf6 44. Rg1 Qxc4 45. Nxg6 Rxf3 46. Nh8+ Ke8 47. Qg6+ Kd8 48. Qg5+ Kc8 49. Qg4+ Kb7 50. Qxf3 Bxh8 51. Qe3 Bf6 52. Rc1 Qb3 53. Qxb3 axb3 54. Rc3 Bg5 55. Rxb3 Bh4 56. Kb1 Bf2 57. Kc2 Bd4 58. Rf3 Kc6 59. b4 b5 60. Kb3 Kb6 61. Rf6 Be3 62. Rg6 Bd4 63. Rg8 Kb7 64. a4 bxa4+ 65. Kxa4 Bb6 66. b5 Bd4 67. Kb4 Bc5+ 68. Kc4 Be3 69. Kd5 Bd4 70. Rg3 Bf2 71. Rf3 Bd4 72. Rf1 Be3 73. Rd1 Bb6 74. Rc1 Be3 75. Rc6 Bb6 76. Ke6 Ba5 77. Kd7 Bb6 78. Ke6 Ba5 79. Kd5 Bb6 80. Rc4 Ba5 81. Ra4 Bb6 82. Ra3 Bc5 83. Rf3 Bb6 84. Rf5 Ba5 85. Rg5 Bb6 86. Rh5 Ba5 87. Kc4 Bb6 88. Kb4 Bc5+ 89. Ka4 Bb6 90. Rh3 Bd4 91. Rd3 Bc5 92. Rd1 Bb6 93. Rc1 Bd4 94. Kb3 Bb6 95. Rc2 Bd4 96. Kc4 Bc5 97. Rd2 Bb6 98. Rd3 Bg1 99. Rb3 Bb6 100. Ra3 Bc5 101. Ra6 Bb6 102. Kd5 Bd4 103. Ke6 Bb6 104. Kd7 Bd4 105. Ra4 Bc5 106. Rc4 Bb6 107. Rc6 Ba5 108. Rc2 Bb6 109. Rc1 Ba5 110. b6 Bxb6 111. Rb1 Kb8 112. Kc6 Ka7 113. Ra1+ Kb8 114. Ra2 Bd4 115. Rg2 Bb6 116. Rg8+ Ka7 117. Rf8 Ba5 118. Rf2 Bb6 119. Rg2 Kb8 120. Ra2 Bd4 121. Ra3 Bc5 122. Rb3+ Bb6 123. Rb4 Ka7 124. Rb5 Kb8 125. Rb1 Ka7 126. Rf1 Kb8 127. Rf7 Ba5 128. Kb5 Bb6 129. Kc4 Kb7 130. Kd5 Bc5 131. Rf1 c6+ 132. Kc4 Kb6 133. Rf7 Bd4 134. Rd7 Bc5 135. Rd8 Kc7 136. Rf8 Kb6 137. Rf7 Ba3 138. Rf3 Bc5 139. Rb3+ Kc7 140. Kd3 d5 141. Rc3 Kd6 142. Rc2 Bd4 143. Rg2 Kc5 144. Rg6 Bb2 145. Rg2 Bd4 146. Rc2+ Kd6 147. Rh2 Kc5 148. Rh3 Bb2 149. Rh2 Bd4 150. Rh6 Bb2 151. Rh8 Bd4 152. Rc8 Kd6 153. Rd8+ Ke6 154. Re8+ Kd6 155. Rd8+ Ke6 156. Rg8 Kd6 157. Rg6+ Kc5 158. Re6 Bb2 159. Rh6 Bd4 160. Rh2 Kd6 161. Ra2 Kc5 162. Ra6 Kb5 163. Ra8 Kc5 164. Rd8 Bb2 165. Rc8 Kd6 166. Rb8 Bd4 167. Rd8+ 1/2-1/2


[Site "https://www.chess.com"]

[Event "Titled Tuesday Blitz February 07 Late 2023"]
[White "Bluebaum, Matthias"]
[Black "EREBUNI91"]
[WhiteFideId "24651516"]
[WhiteElo "2669"]
[BlackElo "2759"]
[Result "1-0"]
[Round "10"]
[TimeControl "180+2"]
[Date "2023.02.07"]
[WhiteClock "0:00:24"]
[BlackClock "0:00:03"]

1. d4 Nf6 2. c4 e6 3. Nc3 Bb4 4. e3 d5 5. Bd2 O-O 6. Nf3 b6 7. cxd5 exd5 8. Rc1 Bd6 9. Nb5 c6 10. Nxd6 Qxd6 11. Bd3 a5 12. Qb3 Ba6 13. Bxa6 Rxa6 14. O-O Rc8 15. Rc2 Nbd7 16. Rfc1 a4 17. Qd3 Raa8 18. h3 Ne4 19. Be1 c5 20. dxc5 bxc5 21. Rd1 Ndf6 22. Nd2 Nxd2 23. Bxd2 Rd8 24. Be1 Rac8 25. Qb5 Qc6 26. Qe2 c4 27. Bc3 Ne4 28. Bd4 Nc5 29. Qg4 Qg6 30. Qf3 Ne4 31. Rcc1 Rc6 32. Bc3 Rcd6 33. Bb4 R6d7 34. a3 h6 35. Rd4 Kh7 36. Rcd1 f5 37. h4 Qg4 38. Qxg4 fxg4 39. Ba5 Rb8 40. Rxe4 Rxb2 41. Rxc4 Ra7 42. Rxd5 Rf7 43. Rxg4 Rfxf2 44. Bc3 Rbc2 45. Rxg7+ 1-0


[Site "https://www.chess.com"]

[Event "Titled Tuesday Blitz February 07 Late 2023"]
[White "Kollars, Dmitrij"]
[Black "Zhigalko, Sergei"]
[WhiteFideId "12909572"]
[BlackFideId "13502956"]
[WhiteElo "2607"]
[BlackElo "2572"]
[Result "1-0"]
[Round "10"]
[TimeControl "180+2"]
[Date "2023.02.07"]
[WhiteClock "0:00:29"]
[BlackClock "0:00:01"]

1. e4 c5 2. Nf3 Nc6 3. Bb5 Nf6 4. Bxc6 dxc6 5. d3 Bg4 6. Nbd2 Qc7 7. h3 Bh5 8. Nf1 e6 9. Ng3 Bg6 10. O-O Bd6 11. Qe1 Nd7 12. Nh4 f6 13. f4 Bf7 14. e5 fxe5 15. f5 O-O 16. Ne4 Be7 17. Bg5 Bxg5 18. Nxg5 exf5 19. Nxf5 Nf6 20. Qg3 Nh5 21. Qh4 Qd8 22. Nxg7 Qd4+ 23. Qxd4 cxd4 24. Rxf7 Nxg7 25. Rxb7 Rab8 26. Rxb8 Rxb8 27. b3 Nf5 28. Nf3 Rb5 29. Nd2 Ne3 30. Rc1 Rc5 31. Nc4 Nxc4 32. dxc4 Kf7 33. Kf2 e4 34. Rd1 Rf5+ 35. Ke2 c5 36. b4 Ke6 37. bxc5 Ke5 38. Rb1 e3 39. Rf1 Rg5 40. g4 Ke4 41. Rf5 Rxf5 42. gxf5 Kxf5 43. c3 1-0


[Site "https://www.chess.com"]

[Event "Titled Tuesday Blitz February 07 Late 2023"]
[White "Ibarra Jerez, Jose Carlos"]
[Black "Paravyan, David"]
[WhiteFideId "2226332"]
[BlackFideId "4194985"]
[WhiteElo "2563"]
[BlackElo "2601"]
[Result "1/2-1/2"]
[Round "10"]
[TimeControl "180+2"]
[Date "2023.02.07"]
[WhiteClock "0:00:05"]
[BlackClock "0:00:05"]

1. e4 e5 2. Nf3 Nf6 3. Nc3 Nc6 4. h3 Bb4 5. Nd5 Nxd5 6. exd5 e4 7. dxc6 exf3 8. Qxf3 dxc6 9. Bc4 O-O 10. O-O Qd7 11. c3 Bd6 12. d4 Qf5 13. Qxf5 Bxf5 14. Re1 a5 15. a4 Rfe8 16. Bd2 Bd7 17. Bb3 Kf8 18. Kf1 Ra6 19. Rxe8+ Bxe8 20. Bc4 Ra8 21. Ke2 h6 22. Kf3 c5 23. d5 Bd7 24. Bb5 Bf5 25. g4 Bc2 26. Rc1 Bg6 27. Re1 f6 28. h4 Bf7 29. c4 Rc8 30. Bd7 Rd8 31. Be6 b6 32. Bxf7 Kxf7 33. h5 Be5 34. b3 c6 35. dxc6 Rc8 36. Be3 Rxc6 37. Rd1 Ke6 38. Rd8 Bd6 39. Ke4 Be7 40. Rg8 Kf7 41. Rb8 Rd6 42. Rb7 Ke6 43. f4 Kf7 44. f5 Kf8 45. Rb8+ Kf7 46. Rb7 Kf8 47. Bf4 Rd4+ 48. Ke3 Bd6 49. Bxd6+ Rxd6 50. Kf3 Rd3+ 51. Ke4 Rxb3 52. Kd5 Rb4 53. Rb8+ Kf7 54. Rb7+ Kg8 55. Rb8+ Kh7 56. Rb7 Rb1 57. Kc6 Rb4 58. Kd5 Rxa4 59. Rxb6 Ra1 60. Kxc5 Rg1 61. Kd6 Rxg4 62. c5 Rd4+ 63. Ke6 Re4+ 64. Kd5 Re1 65. c6 Rd1+ 66. Ke6 Rc1 67. Kd7 Rd1+ 68. Kc8 a4 69. Ra6 Ra1 70. c7 a3 71. Kb7 Rb1+ 72. Kc6 Rc1+ 73. Kd7 Rd1+ 74. Kc6 Rc1+ 75. Kb7 Rb1+ 76. Ka8 Rc1 77. Kb8 Rb1+ 78. Kc8 Ra1 79. Kb7 Rb1+ 1/2-1/2


[Site "https://www.chess.com"]

[Event "Titled Tuesday Blitz February 07 Late 2023"]
[White "Boros, Denes"]
[Black "Bortnyk, Olexandr"]
[WhiteFideId "722340"]
[BlackFideId "14120828"]
[WhiteElo "2406"]
[BlackElo "2605"]
[Result "0-1"]
[Round "10"]
[TimeControl "180+2"]
[Date "2023.02.07"]
[WhiteClock "0:00:27"]
[BlackClock "0:00:07"]

1. e4 Nf6 2. d3 e5 3. f4 Bc5 4. fxe5 Nxe4 5. Qg4 d5 6. Qxg7 Qh4+ 7. g3 Bf2+ 8. Ke2 Qg4+ 9. Qxg4 Bxg4+ 10. Nf3 Bb6 11. Nc3 Nc6 12. Be3 Nxc3+ 13. bxc3 d4 14. cxd4 Bxd4 15. Rb1 O-O-O 16. h3 Bxf3+ 17. Kxf3 Nxe5+ 18. Kf2 Bxe3+ 19. Kxe3 Rhe8 20. Kf2 Rd6 21. Bg2 Rf6+ 22. Kg1 Nf3+ 23. Bxf3 Rxf3 24. Kg2 Ree3 25. g4 Rg3+ 26. Kf2 Rxh3 27. Rxh3 Rxh3 28. Kg2 Re3 29. Kf2 Re6 30. Rh1 h6 31. Kf3 Kd7 32. Rh5 Ke7 33. a4 a6 34. a5 Rc6 35. c4 b6 36. Ke4 Re6+ 37. Kd4 Rg6 38. Re5+ Kd7 39. Rd5+ Rd6 40. Ke5 Rxd5+ 41. Kxd5 bxa5 42. Kc5 Kc8 43. d4 Kd8 44. d5 Kd7 45. Kd4 c6 46. c5 cxd5 47. Kxd5 a4 48. Kc4 Kc6 49. Kb4 a3 50. Kxa3 Kxc5 51. Ka4 Kd5 52. g5 hxg5 0-1


[Site "https://www.chess.com"]

[Event "Titled Tuesday Blitz February 07 Late 2023"]
[White "Maksimovic, Bojan"]
[Black "Chigaev, Maksim"]
[WhiteFideId "14408120"]
[BlackFideId "4108116"]
[WhiteElo "2486"]
[BlackElo "2628"]
[Result "1-0"]
[Round "10"]
[TimeControl "180+2"]
[Date "2023.02.07"]
[WhiteClock "0:00:05"]
[BlackClock "0:00:03"]

1. e4 c5 2. Nf3 e6 3. d4 cxd4 4. Nxd4 Nf6 5. Nc3 Nc6 6. Ndb5 d6 7. Bf4 e5 8. Bg5 a6 9. Na3 b5 10. Bxf6 gxf6 11. Nd5 Bg7 12. Bd3 Be6 13. O-O f5 14. c4 O-O 15. exf5 Bxd5 16. cxd5 Ne7 17. Be4 Bf6 18. Nc2 Kh8 19. Nb4 Rg8 20. Nc6 Qf8 21. Qh5 Rg5 22. Qf3 Ng8 23. Rac1 Nh6 24. Nb4 a5 25. Nc2 Qg7 26. Ne3 Ng4 27. Nxg4 Rxg4 28. g3 Rg8 29. Rc6 Rf4 30. Qg2 Be7 31. Kh1 Rg4 32. Qf3 h5 33. Rfc1 h4 34. Rc8 hxg3 35. Rxg8+ Qxg8 36. hxg3 Qg5 37. Rc8+ Kg7 38. Kg2 Bf6 39. Rc6 Rf4 40. Qe2 Rxf5 41. Bxf5 Qxf5 42. Qf3 Qd7 43. Qe4 Be7 44. Qf3 Bf8 45. Ra6 a4 46. Rb6 Be7 47. Qd3 Bf8 48. Rxb5 e4 49. Qd4+ Kg8 50. Rb4 f5 51. Rb8 Qf7 52. Ra8 Qg6 53. Qxa4 Qh5 54. Qe8 Qf3+ 55. Kg1 Qd1+ 56. Kh2 Qh5+ 57. Qxh5 1-0


[Site "https://www.chess.com"]

[Event "Titled Tuesday Blitz February 07 Late 2023"]
[White "Darini, Pouria"]
[Black "Carlsen, Magnus"]
[WhiteFideId "12502200"]
[BlackFideId "1503014"]
[WhiteElo "2401"]
[BlackElo "2853"]
[Result "0-1"]
[Round "10"]
[TimeControl "180+2"]
[Date "2023.02.07"]
[WhiteClock "0:00:02"]
[BlackClock "0:00:04"]

1. e4 c5 2. Nc3 e6 3. d4 cxd4 4. Qxd4 Nc6 5. Qe3 Nf6 6. Bd2 Be7 7. O-O-O d5 8. exd5 exd5 9. Qg3 O-O 10. Bh6 Nh5 11. Qf3 Bg5+ 12. Bxg5 Qxg5+ 13. Kb1 d4 14. Ne4 Qa5 15. Ne2 Re8 16. Nxd4 Nxd4 17. Rxd4 Qe5 18. Bc4 Bf5 19. Bxf7+ Kxf7 20. Nd6+ Kg6 21. Rd5 Qf4 22. Qxf4 Nxf4 23. Rxf5 Rf8 24. Rxf8 Rxf8 25. g3 Nh3 26. f4 b6 27. Nc4 Re8 28. Ne5+ Kf5 29. Rd1 g5 30. Nc4 Re2 31. fxg5 Rxh2 32. a4 Nxg5 33. Rd5+ Kg6 34. Rd7 Rg2 35. Rxa7 Rxg3 36. Nxb6 h5 37. a5 h4 38. Ra8 h3 39. Rg8+ Kh7 40. Rd8 h2 41. Rd7+ Kg6 42. Rd6+ Kh5 0-1


[Site "https://www.chess.com"]

[Event "Titled Tuesday Blitz February 07 Late 2023"]
[White "Mikaelyan, Arman"]
[Black "Duda, Jan-Krzysztof"]
[WhiteFideId "13304852"]
[BlackFideId "1170546"]
[WhiteElo "2523"]
[BlackElo "2724"]
[Result "1-0"]
[Round "10"]
[TimeControl "180+2"]
[Date "2023.02.07"]
[WhiteClock "0:00:09"]
[BlackClock "0:00:04"]

1. d4 b5 2. e4 Bb7 3. Bxb5 Bxe4 4. Nf3 e6 5. O-O Nf6 6. c4 Be7 7. Nc3 Bb7 8. Re1 O-O 9. d5 c6 10. dxc6 Nxc6 11. Bf4 Rc8 12. Bd6 Bxd6 13. Qxd6 a6 14. Ba4 Na5 15. b3 Bxf3 16. gxf3 Nb7 17. Qxa6 Qc7 18. Rad1 Ra8 19. Nb5 Qb8 20. Qb6 Rc8 21. Nd6 Rc7 22. Re5 Nxd6 23. Qxb8+ Rxb8 24. Rxd6 Kf8 25. Bb5 Ke7 26. Rd2 d6 27. Re1 Nh5 28. a4 Nf4 29. a5 g5 30. a6 Rb6 31. Ra1 Ra7 32. Kf1 h5 33. Ra5 h4 34. b4 f5 35. Ke1 Rb8 36. Rd4 Ng6 37. Ke2 Rc8 38. Rd2 Ne5 39. Rc2 Rb8 40. c5 dxc5 41. bxc5 Rc8 42. Ra3 Nc6 43. Rd2 Kf6 44. Rd6 Ne7 45. Bc4 Rxc5 46. Rxe6+ Kg7 47. Kd3 Ng6 48. Rb6 Ne5+ 49. Kd4 Rxc4+ 50. Kxe5 Rc5+ 51. Kd6 Rcc7 52. Rab3 Rf7 53. Kc5 Rfc7+ 54. Kb5 Re7 55. Ka5 Re5+ 56. R3b5 Re1 57. Rb7+ Kf6 58. Rxa7 Re2 59. Rc7 Rxf2 60. a7 Rxf3 61. Rb4 Ke5 62. a8=Q g4 63. Qe8+ Kd6 64. Rc6+ 1-0


[Site "https://www.chess.com"]

[Event "Titled Tuesday Blitz February 07 Late 2023"]
[White "Deac, Bogdan-Daniel"]
[Black "Stoyanov, Tsvetan"]
[WhiteFideId "1226380"]
[BlackFideId "2917173"]
[WhiteElo "2700"]
[BlackElo "2454"]
[Result "0-1"]
[Round "10"]
[TimeControl "180+2"]
[Date "2023.02.07"]
[WhiteClock "0:00:03"]
[BlackClock "0:00:06"]

1. c4 e5 2. d3 Nf6 3. Nf3 Nc6 4. a3 d5 5. cxd5 Nxd5 6. e4 Nb6 7. Be3 Be7 8. Nbd2 Be6 9. Rc1 O-O 10. Be2 f5 11. O-O f4 12. Bc5 Bxc5 13. Rxc5 Qd6 14. Rc1 a5 15. Nb3 Rad8 16. Nc5 Bc8 17. b4 axb4 18. axb4 Kh8 19. Qb3 Qe7 20. Qc3 Nd4 21. Nxd4 Rxd4 22. b5 f3 23. gxf3 Bh3 24. Kh1 Bxf1 25. Rxf1 Rf6 26. Rg1 Rh6 27. Rg3 Na4 28. Nxa4 Rxa4 29. Kg2 Ra8 30. d4 exd4 31. Qxd4 Rd6 32. Qc3 Re8 33. Bc4 Rf6 34. Bd5 c6 35. bxc6 bxc6 36. Bc4 Qe5 37. Qe3 h6 38. Qa7 Qe7 39. Qe3 Qc7 40. h4 Ref8 41. Qc3 Qf4 42. Be2 Qxh4 43. Qc5 Qf4 44. Qe7 R6f7 45. Qc5 Qf6 46. Bc4 Re7 47. Bb3 Re5 48. Qa7 Rg5 49. Bd1 Rxg3+ 50. fxg3 Qb2+ 51. Kh3 Rd8 52. Ba4 Qf6 53. f4 Qe6+ 54. f5 Qxe4 55. Qf7 Qxa4 56. f6 Rg8 57. fxg7+ Rxg7 58. Qf8+ Kh7 59. Qf5+ Kg8 60. Qe6+ Rf7 61. Qe8+ Kg7 62. Qe5+ Kf8 63. Qd6+ Re7 64. Qxh6+ Ke8 65. Qg6+ Kd7 66. Qf5+ Kc7 0-1


[Site "https://www.chess.com"]

[Event "Titled Tuesday Blitz February 07 Late 2023"]
[White "Fedoseev, Vladimir"]
[Black "Borges Feria, Yasel"]
[WhiteFideId "24130737"]
[BlackFideId "3504921"]
[WhiteElo "2680"]
[BlackElo "2439"]
[Result "0-1"]
[Round "10"]
[TimeControl "180+2"]
[Date "2023.02.07"]
[WhiteClock "0:00:01"]
[BlackClock "0:00:20"]

1. Nf3 Nf6 2. g3 b6 3. Bg2 Bb7 4. O-O e6 5. c4 Be7 6. d4 O-O 7. Nc3 Ne4 8. Bd2 Bf6 9. Rc1 Nxc3 10. Bxc3 d6 11. Qd3 Nd7 12. Ng5 Bxg5 13. Bxb7 Bxc1 14. Rxc1 Rb8 15. Bc6 Qe7 16. f4 a5 17. e4 Rbd8 18. Re1 Nb8 19. Ba4 c5 20. d5 e5 21. fxe5 dxe5 22. g4 Na6 23. Qg3 f6 24. g5 Kh8 25. a3 Nc7 26. Rf1 Ne8 27. g6 h6 28. Bxe8 Qxe8 29. Bd2 Kg8 30. Rf5 Qa4 31. b3 Qxa3 32. Qh3 Qa1+ 33. Kg2 Qa2 34. Rf2 Qb1 35. Qe6+ Kh8 36. Qg4 Kg8 37. h4 Rd6 38. Qf3 f5 39. exf5 Rxg6+ 40. Kh2 Qg1+ 41. Kh3 e4 42. Qf4 Rxf5 43. Qb8+ Kh7 0-1


[Site "https://www.chess.com"]

[Event "Titled Tuesday Blitz February 07 Late 2023"]
[White "Yanchenko, Roman"]
[Black "Dominguez Perez, Leinier"]
[WhiteFideId "4137329"]
[BlackFideId "3503240"]
[WhiteElo "2466"]
[BlackElo "2739"]
[Result "0-1"]
[Round "10"]
[TimeControl "180+2"]
[Date "2023.02.07"]
[WhiteClock "0:00:09"]
[BlackClock "0:00:58"]

1. d4 d5 2. c4 dxc4 3. Nc3 a6 4. a4 Nc6 5. e3 Na5 6. Nf3 Nf6 7. Be2 g6 8. O-O Bg7 9. Ne5 Be6 10. f4 O-O 11. Bf3 c6 12. g4 Qc7 13. Qe1 Nd7 14. Qh4 Nxe5 15. dxe5 Rad8 16. Ne4 Bd5 17. b4 cxb3 18. Ba3 Bxe4 19. Bxe4 c5 20. Rac1 c4 21. Bxe7 b2 22. Rcd1 Rxd1 23. Rxd1 c3 24. Bxf8 c2 25. Rd8 c1=Q+ 26. Kf2 Bxf8 27. Qf6 b1=Q 28. Rxf8+ Kxf8 29. Qh8+ Ke7 30. Qf6+ Ke8 31. Qh8+ Kd7 32. e6+ fxe6 33. Qg7+ Kc8 34. Qg8+ Qd8 0-1


[Site "https://www.chess.com"]

[Event "Titled Tuesday Blitz February 07 Late 2023"]
[White "Yoo, Christopher Woojin"]
[Black "Kosakowski, Jakub"]
[WhiteFideId "30909694"]
[BlackFideId "1185080"]
[WhiteElo "2607"]
[BlackElo "2485"]
[Result "1-0"]
[Round "10"]
[TimeControl "180+2"]
[Date "2023.02.07"]
[WhiteClock "0:01:47"]
[BlackClock "0:00:56"]

1. e4 c6 2. Nf3 d5 3. exd5 cxd5 4. d4 Nf6 5. Ne5 Nc6 6. Bb5 Bd7 7. Nxd7 Qxd7 8. c3 a6 9. Bd3 e6 10. O-O Bd6 11. f4 Qc7 12. Qe2 O-O 13. g3 Rae8 14. Nd2 Nd7 15. Nf3 f6 16. Nh4 e5 17. Qh5 e4 18. Qxd5+ Kh8 19. Bxe4 Nb6 20. Qf5 g6 21. Nxg6+ hxg6 22. Qxg6 Qg7 23. Qh5+ Kg8 24. Bc2 Qc7 25. Bb3+ Kg7 26. f5 1-0


[Site "https://www.chess.com"]